 Dungeon Crawl Stone Soup version 0.30.1-3-gfc49f6343a (webtiles) character file.

Game seed: 14999916253781369393

1838684 LordWeiramon the Formicid Porcupine (level 27, 172/243 (249) HPs)
             Began as a Formicid Earth Elementalist on July 31, 2023.
             Was the Champion of Cheibriados.
             Escaped with the Orb
             ... and 3 runes!
             The game lasted 03:45:03 (58562 turns).

LordWeiramon the Formicid Porcupine (FoEE)         Turns: 58562, Time: 03:45:03

HP:   172/243 (249) AC: 55    Str: 43    XL:     27
MP:   31/31         EV: 26    Int: 34    God:    Cheibriados [******]
Gold: 3529          SH: 39    Dex: 27    Spells: 26/30 levels left

rFire   + + .        a - +9 bardiche (flame)
rCold   + + .        o - +8 tower shield {AC+3}
rNeg    + . .        E - +14 crystal plate armour {rC+}
rPois   +            (helmet unavailable)
rElec   +            r - +0 cloak "Jorr" {rCorr Str+4}
rCorr   +            Z - +1 pair of gloves of Death's Door {+Inv rC+}
SInv    +            S - +2 pair of slick slippers {slick, slippery, EV+4}
Will    +++..        D - amulet "Eppizef" {Reflect *Slow Will+ Int+3 SH+5} Stlth
                     y - ring "Raskeph" {+Blink rF++ SInv Stlth+}
HPRegen 0.60/turn    O - ring "Akoofene" {rElec rPois rN+ Str-2}
MPRegen 0.22/turn

%: slow self (1%), reflection, clarity
@: studying Fire Magic, lightly drained, very slow
A: permanent stasis, dig shafts and tunnels, antennae 3, four strong arms,
talons 1, iridescent scales 1, clarity, clumsy 1, mutation resistance 1
0: Orb of Zot
}: 3/15 runes: serpentine, barnacled, slimy
a: Dig, Shaft Self, Renounce Religion, Evoke Invisibility, Bend Time, Temporal
Distortion, Slouch, Step From Time


You escaped.
You worshipped Cheibriados.
Cheibriados was exalted by your worship.
You visited 11 branches of the dungeon, and saw 54 of its levels.
You visited 1 bazaar.
You also visited: Gauntlet, Ice Cave and Wizlab.

You collected 9300 gold pieces.
You spent 5771 gold pieces at shops.

Inventory:

Hand Weapons
 a - a +9 bardiche of flaming (weapon)
 b - the +10 glaive of Wu Jian, Teaching {flame, rPois rF+ Dex+3}
   (You bought it in a shop on level 1 of the Dungeon)

   Dex:       It affects your dexterity (+3).
   rF:        It protects you from fire.
   rPois:     It protects you from poison.
Missiles
 x - 6 throwing nets
Armour
 l - the +0 pair of boots of the Distant Future {Will++}
   (You found it on level 10 of the Dungeon)

   Will:      It greatly increases your willpower.
 o - a +8 tower shield of protection (worn)
 r - the +0 cloak "Jorr" (worn) {rCorr Str+4}
   (You found it on level 3 of the Lair of Beasts)

   Str:       It affects your strength (+4).
   rCorr:     It protects you from acid and corrosion.
 E - a +14 crystal plate armour of cold resistance (worn)
 M - the +1 cloak of Worchigij {rC++}
   (You found it in a wizard's laboratory)

   rC:        It greatly protects you from cold.
 Q - the +0 pair of gloves of the Untouchables {rPois rN+ rCorr Dex-2}
   (You found it on level 4 of the Shoals)

   Dex:       It affects your dexterity (-2).
   rPois:     It protects you from poison.
   rN:        It protects you from negative energy.
   rCorr:     It protects you from acid and corrosion.
 R - a +1 pair of boots of flying
 S - the +2 pair of slick slippers (worn) {slick, slippery, EV+4}
   (You found it on level 4 of the Shoals)

   Slick:     Its wearer cannot be constricted, engulfed, netted or webbed.
   Slippery:  Its wearer slips away from damaging melee attacks, pulling the
   attacker onward.
   EV:        It affects your evasion (+4).
 V - a +2 cloak of willpower
 Z - the +1 pair of gloves of Death's Door (worn) {+Inv rC+}
   (You bought it in a shop on level 3 of the Elven Halls)

   rC:        It protects you from cold.
   +Inv:      It lets you turn invisible.
Jewellery
 i - the ring of Riunopso {rF+ Int+2 Dex+3}
   (You found it on level 3 of the Crypt)

   [ring of protection from fire]

   Int:       It affects your intelligence (+2).
   Dex:       It affects your dexterity (+3).
   rF:        It protects you from fire.
 n - the ring "Raato" {rElec rC+ Int+6 Slay+3}
   (You found it on level 5 of the Pits of Slime)

   [ring of intelligence]

   Int:       It affects your intelligence (+6).
   Slay:      It affects your accuracy & damage with ranged weapons and melee
   (+3).
   rC:        It protects you from cold.
   rElec:     It insulates you from electricity.
 y - the ring "Raskeph" (left hand) {+Blink rF++ SInv Stlth+}
   (You found it on level 5 of the Pits of Slime)

   [ring of see invisible]

   rF:        It greatly protects you from fire.
   SInv:      It lets you see invisible.
   +Blink:    It lets you blink.
   Stlth:     It makes you more stealthy.
 A - the ring of the Ageing Gods {rElec rF- rN+ Dex+5 Slay+2}
   (You found it on level 3 of the Crypt)

   [ring of positive energy]

   Dex:       It affects your dexterity (+5).
   Slay:      It affects your accuracy & damage with ranged weapons and melee
   (+2).
   rF:        It makes you vulnerable to fire.
   rElec:     It insulates you from electricity.
   rN:        It protects you from negative energy.
 D - the amulet "Eppizef" (around neck) {Reflect *Slow Will+ Int+3 SH+5}
   (You found it in a Gauntlet)

   [amulet of reflection]

   It reflects blocked missile attacks.
   Int:       It affects your intelligence (+3).
   *Slow:     It may slow you when you take damage.
   SH:        It affects your SH (+5).
   Will:      It increases your willpower.
 K - the ring of Noadar {Fly Dex+3 Stlth+}
   (You took it off a deep elf demonologist on level 3 of the Elven Halls)

   [ring of flight]

   Dex:       It affects your dexterity (+3).
   Fly:       It grants you flight.
   Stlth:     It makes you more stealthy.
 N - the ring of Uniest {rPois rC+ MP+9 SInv}
   (You found it in a Gauntlet)

   [ring of magical power]

   rC:        It protects you from cold.
   rPois:     It protects you from poison.
   MP:        It affects your magic capacity (+9).
   SInv:      It lets you see invisible.
 O - the ring "Akoofene" (right hand) {rElec rPois rN+ Str-2}
   (You found it on level 3 of the Crypt)

   [ring of positive energy]

   Str:       It affects your strength (-2).
   rElec:     It insulates you from electricity.
   rPois:     It protects you from poison.
   rN:        It protects you from negative energy.
 W - the ring of Nakol {rN+ Slay+6}
   (You found it on level 3 of the Crypt)

   [ring of positive energy]

   Slay:      It affects your accuracy & damage with ranged weapons and melee
   (+6).
   rN:        It protects you from negative energy.
Wands
 c - a wand of digging (25)
 m - a wand of polymorph (31)
 w - a wand of mindburst (37)
 B - a wand of roots (63)
 C - a wand of flame (54)
 F - a wand of acid (29)
 I - a wand of charming (53)
Scrolls
 h - 10 scrolls of fear
 j - 10 scrolls of enchant weapon
 p - 7 scrolls of silence
 t - 9 scrolls of butterflies
 u - 14 scrolls of amnesia
 v - 6 scrolls of poison
 z - 4 scrolls of brand weapon
 L - 7 scrolls of fog
 T - 4 scrolls of magic mapping
Potions
 d - 27 potions of curing
 e - 5 potions of resistance
 f - 6 potions of magic
 g - 9 potions of invisibility
 k - 7 potions of brilliance
 q - 12 potions of mutation
 s - 19 potions of heal wounds
 G - 16 potions of ambrosia
 H - 13 potions of might
 P - 7 potions of cancellation
 X - 15 potions of flight
Miscellaneous
 J - a phantom mirror


   Skills:
 O Level 27 Fighting
 O Level 27 Polearms
 + Level 23.9 Armour
 - Level 16.0 Dodging
 - Level 2.4 Stealth
 - Level 22.5 Shields
 - Level 2.1 Spellcasting
 - Level 1.1 Transmutations
 - Level 5.8 Earth Magic
 - Level 10.8 Invocations
 - Level 11.0 Evocations


You had 26 spell levels left.
You knew the following spells:

 Your Spells              Type           Power      Damage    Failure   Level
a - Sandblast             Erth           86%        2d18      2%          1
b - Stone Arrow           Conj/Erth      46%        3d9       26%         3

Your spell library contained the following spells:

 Spells                   Type           Power      Damage    Failure   Level
 Passwall                 Tmut/Erth      22%        N/A       11%         2
 Beastly Appendage        Tmut           22%        N/A       19%         1
 Sting                    Tmut/Pois      28%        1d4       22%         1
 Apportation              Tloc           6%         N/A       28%         1
 Freeze                   Ice            12%        1d3       28%         1
 Kiss of Death            Conj/Necr      12%        2d6       28%         1
 Necrotise                Necr           12%        1d4       28%         1
 Summon Small Mammal      Summ           12%        N/A       28%         1
 Wereblood                Tmut           11%        N/A       28%         2
 Call Imp                 Summ           6%         N/A       41%         2
 Ensorcelled Hibernation  Hex/Ice        6%         N/A       41%         2
 Lesser Beckoning         Tloc           6%         N/A       41%         2
 Poisonous Vapours        Pois/Air       6%         N/A       41%         2
 Scorch                   Fire           6%         2d5       41%         2
 Searing Ray              Conj           6%         2d4       41%         2
 Spider Form              Tmut/Pois      7%         N/A       56%         3
 Petrify                  Tmut/Erth      27%        N/A       56%         4
 Lee's Rapid Deconstruct  Erth           21%        3d12*     56%         5
 Ignite Poison            Fire/Tmut/Pois 6%         N/A       58%         3
 Call Canine Familiar     Summ           3%         N/A       65%         3
 Confusing Touch          Hex            3%         N/A       65%         3
 Dazzling Flash           Conj/Hex       6%         N/A       65%         3
 Frozen Ramparts          Ice            6%         1d1       65%         3
 Gell's Gravitas          Tloc           3%         N/A       65%         3
 Hailstorm                Conj/Ice       3%         3d3       65%         3
 Inner Flame              Hex/Fire       3%         N/A       65%         3
 Portal Projectile        Hex/Tloc       6%         N/A       65%         3
 Summon Guardian Golem    Hex/Summ       3%         N/A       65%         3
 Teleport Other           Tloc           3%         N/A       65%         3
 Vampiric Draining        Necr           3%         2d6       65%         3
 Volatile Blastmotes      Fire/Tloc      6%         2d10      65%         3
 Animate Armour           Summ/Erth      46%        N/A       65%         4
 Leda's Liquefaction      Hex/Erth       11%        N/A       65%         4
 Ice Form                 Ice/Tmut       7%         N/A       92%         4
 Borgnjor's Vile Clutch   Necr/Erth      11%        N/A       94%         5
 Anguish                  Hex/Necr       1%         N/A       96%         4
 Animate Dead             Necr           3%         N/A       96%         4
 Cause Fear               Hex            1%         N/A       96%         4
 Dispel Undead            Necr           3%         3d7       96%         4
 Flame Wave               Conj/Fire      3%         2d5       96%         4
 Iskenderun's Mystic Bla  Conj/Tloc      3%         2d3       96%         4
 Manifold Assault         Tloc           3%         N/A       96%         4
 Olgreb's Toxic Radiance  Pois           3%         N/A       96%         4
 Sticky Flame             Conj/Fire      3%         2d3       96%         4
 Summon Ice Beast         Ice/Summ       3%         N/A       96%         4
 Alistair's Intoxication  Tmut/Pois      4%         N/A       99%         5
 Blade Hands              Tmut           5%         N/A       99%         5
 Irradiate                Conj/Tmut      3%         3d12      99%         5
 Agony                    Necr           3%         N/A       100%        5
 Arcjolt                  Conj/Air       1%         1d11      100%        5
 Freezing Cloud           Conj/Ice/Air   1%         6-21      100%        5
 Metabolic Englaciation   Hex/Ice        1%         N/A       100%        5
 Silence                  Hex/Air        1%         N/A       100%        5
 Summon Forest            Summ/Tloc      1%         N/A       100%        5
 Summon Mana Viper        Hex/Summ       3%         N/A       100%        5
 Conjure Ball Lightning   Conj/Air       1%         3x3d6     100%        6
 Death Channel            Necr           1%         N/A       100%        6
 Dispersal                Tloc           1%         N/A       100%        6
 Eringya's Noxious Bog    Tmut/Pois      3%         N/A       100%        6
 Plasma Beam              Fire/Air       1%         2x1d12    100%        6
 Simulacrum               Ice/Necr       1%         N/A       100%        6
 Starburst                Conj/Fire      1%         6d3       100%        6
 Statue Form              Tmut/Erth      18%        N/A       100%        6
 Summon Cactus Giant      Summ           1%         N/A       100%        6
 Dragon Form              Tmut           5%         N/A       100%        7
 Haunt                    Necr/Summ      1%         N/A       100%        7
 Malign Gateway           Summ/Tloc      1%         N/A       100%        7
 Monstrous Menagerie      Summ           1%         N/A       100%        7
 Orb of Destruction       Conj           1%         9d5       100%        7
 Ozocubu's Refrigeration  Ice            1%         4d7       100%        7
 Spellforged Servitor     Conj/Summ      1%         N/A       100%        7
 Discord                  Hex            1%         N/A       100%        8
 Disjunction              Tloc           1%         N/A       100%        8
 Ignition                 Fire           1%         3d3       100%        8
 Infestation              Necr           1%         N/A       100%        8
 Summon Horrible Things   Summ           1%         N/A       100%        8
 Chain Lightning          Conj/Air       1%         3d2       100%        9
 Dragon's Call            Summ           1%         N/A       100%        9
 Polar Vortex             Ice            1%         N/A       100%        9
 Swiftness                Air            Unusable   N/A       N/A         3
 Vhi's Electric Charge    Tloc/Air       Unusable   N/A       N/A         3

Dungeon Overview and Level Annotations

Branches:
Dungeon (15/15)            Temple (0/1) D:6            Lair (5/5) D:11
 Shoals (4/4) Lair:2        Snake (4/4) Lair:2        Slime (5/5) Lair:5
    Orc (2/2) D:11            Elf (3/3) Orc:2        Vaults (4/5) D:13
  Crypt (3/3) Vaults:3       Tomb (0/3) Crypt:3      Depths (4/4) D:15
    Zot (5/5) Depths:4      IceCv (visited)          WizLab (visited)
Gauntlet (visited)

Altars:
Ashenzari
Cheibriados
Elyvilon
Fedhas
Hepliaklqana
Kikubaaqudgha
Makhleb
Nemelex Xobeh
Qazlal
Sif Muna
Vehumet
Yredelemnul
Zin
The Shining One
Jiyva

Shops:
D:1 *   D:2 !   D:4 *   D:9 *   D:10 [   D:11 !   D:13 [   D:14 ?   Orc:2 ?:*[
Elf:1 [   Elf:3 ((?[   Shoals:1 ?   Shoals:3 [**(   Snake:3 [?*   Vaults:1 (
Vaults:3 (   Vaults:4 =   Depths:2 (**!!   Depths:4 *[

Portals:
Hell: Depths:1 Depths:2 Depths:3 Depths:4
Abyss: Depths:3
Pandemonium: Orc:2 Depths:1 Depths:2
Ziggurat: Depths:3
Trove: Depths:2 (give 2 scrolls of acquirement)

Annotations:
Zot:4 2 transporters


Innate Abilities, Weirdness & Mutations

You cannot be hasted, slowed, berserked, paralysed or teleported.
You can dig through walls and to a lower floor.
You have a pair of large antennae on your head. (SInv)
Your four strong arms can wield two-handed weapons with a shield.
You have sharp toenails.
You are partially covered in iridescent scales. (AC +2)
You possess an exceptional clarity of mind.
You are clumsy. (Dex -2)
You are somewhat resistant to further mutation.


Message History

Unknown command.
You barely miss Umukluis.
Umukluis is almost dead.
You block the Tzitzimitl's attack. x2; The soul eater misses you.
Unknown command.
You slice Umukluis!! You burn Umukluis.
You kill Umukluis!
Cheibriados thoroughly appreciates the change of pace.
The Tzitzimitl disappears in a puff of smoke! x2
Unknown command.
You cut the soul eater into ribbons!!! You burn the soul eater!
The soul eater is almost dead.
You block the soul eater's attack.
You hit the soul eater but do no damage.
The soul eater is almost dead.
You block the soul eater's attack.
You slice the soul eater!! You burn the soul eater.
You kill the soul eater!
Cheibriados appreciates the change of pace.
(D) Dungeon (T) Temple (L) Lair (A) Shoals (P) Snake Pit (M) Slime Pits (O) Orcish Mines (E) Elven Halls (V) Vaults (C) Crypt (W) Tomb (U) Depths (H) Hell (Z) Zot
Where to? (Enter - D:1, ? - help)
There is a stone staircase leading up here.
You climb upwards.
There is a stone staircase leading down here.
You see here 8 stones.
You open the door.
There is an open door here.
There is a stone staircase leading up here.
You climb upwards.
There is a stone staircase leading down here.
You enter a permanent teleport trap!
There is a permanent teleport trap here.
You extend your mandibles.
You dig through the rock wall.
You feel drained.
You retract your mandibles.
There is a staircase leading out of the dungeon here.
You have escaped!

.# #..........# #.#.#.##.... .#
#......#########.#.#.##.... .#
#......'.........#.#.##.... .#
#......###########.#.##.... .#
#......# #.#.##.... .# #......#
#.#.##.... .# #############
#.#.##.... .########.........##
#.#.##....
................@..#####.#.##....
.#########........#^.>##.#.##....
.# ##........######.#.##.... .#
##...#.....##...#.#.###.## .#
##...###....##.#.#...# #.# .##
##...## ##.####.#.##### #.#
..####...## #.# #.#.# #.#
....#...#######.####.#.#######.#
.##...............##...........#


There were no monsters in sight!

Vanquished Creatures
  the Royal Jelly (Slime:5)
  2 dread liches (Zot:5)
  Khufu (Crypt:2)
  4 orbs of fire
  4 ancient liches
  Mara (Depths:1)
  Bai Suzhen (Snake:4)
  3 Killer Klowns (Zot:5)
  6 caustic shrikes (Depths:4)
  6 curse toes
  6 golden dragons
  Nikola (Shoals:3)
  2 bone dragons (Depths:4)
  3 electric golems (Zot:5)
  Zenata (Vaults:2)
  Jorgrun (Elf:2)
  A Hell Sentinel (Zot:5)
  A titan (Depths:3)
  8 tentacled monstrosities
  4 liches
  3 deep elf blademasters
  A pandemonium lord (D:3)
  27 Orb Guardians
  7 quicksilver dragons
  21 acid blobs
  A walking earthen tome (Depths:3)
  2 deep elf master archers (Elf:3)
  11 ancient champions
  Frances (Snake:1)
  2 krakens
  An Executioner (D:11)
  5 sphinxes
  Polyphemus (Shoals:3)
  9 death cobs
  Kirke (Shoals:2)
  9 shadow dragons
  Donald (Elf:2)
  12 storm dragons
  2 tengu reavers (Depths:2)
  5 revenants
  Ilsuiw (Shoals:2)
  7 nagarajas (Snake:4)
  13 rockslimes
  8 frost giants
  5 draconian knights
  9 fire giants
  15 azure jellies
  8 deep elf sorcerers
  12 vault wardens
  3 draconian scorchers
  3 ghost moths
  6 draconian stormcallers
  An iron dragon (Depths:1)
  An angel (WizLab)
  Louise (Shoals:2)
  13 ghouls
  A balrug (Depths:1)
  4 spriggan defenders (Depths:3)
  13 ironbound preservers
  A caustic shrike zombie (Crypt:3)
  5 draconian shifters
  15 stone giants
  2 curse skulls (Crypt:2)
  2 orc warlords
  7 draconian annihilators
  5 deep elf elementalists (Elf:3)
  10 quicksilver oozes
  2 reapers
  7 ironbound thunderhulks
  2 war gargoyles
  10 vampire knights
  15 green draconians
  15 black draconians
  20 very ugly things
  6 deep elf demonologists (Elf:3)
  14 dire elephants
  A lorocyproca (WizLab)
  7 purple draconians
  A minotaur (Gauntlet)
  10 white draconians
  Azrael (Elf:2)
  13 red draconians
  4 deep elf annihilators (Elf:3)
  14 spark wasps
  A blizzard demon (Depths:1)
  16 yellow draconians
  2 green deaths
  11 ettins
  10 eidola
  6 deep elf death magi
  A crystal guardian (Vaults:2)
  A merfolk javelineer (Shoals:4)
  9 yaktaur captains
  9 merfolk impalers
  5 deep elf high priests
  9 fire dragons
  17 jiangshi
  9 great orbs of eyes
  Fannar (D:10)
  2 demonspawn (Orc:2)
  11 ice dragons
  A salamander tyrant (Snake:4)
  4 rakshasas (Depths:3)
  6 merfolk avatars
  7 vault guards
  A hell beast (Depths:1)
  6 spriggan air magi
  12 anacondas
  9 hydras
  7 ironbound frosthearts
  2 peacekeepers
  7 centaur warriors
  Erica (D:11)
  2 catoblepae
  6 two-headed ogres
  A spriggan skeleton (Crypt:3)
  2 boulder beetles (D:10)
  3 death knights
  35 dancing weapons
  The ghost of sakkuzi the Basher, a journeyman GrFi of Okawaru (D:10)
  4 merfolk aquamancers
  3 satyrs
  16 death yaks
  19 naga warriors
  A bennu skeleton (Crypt:1)
  3 deep troll earth magi
  7 orc high priests (Orc:2)
  10 vampire magi
  2 hell hogs (Depths:4)
  3 tengu warriors
  6 deep troll shamans
  2 thrashing horrors (WizLab)
  13 hell knights
  An emperor scorpion zombie (Crypt:1)
  9 shock serpents
  13 spriggan berserkers
  16 deep elf knights
  14 naga sharpshooters
  9 soul eaters
  7 sun demons
  Nergalle (D:11)
  4 shadow wraiths
  4 salamander mystics
  5 skysharks
  26 skeletal warriors
  A spectral anaconda (Lair:5)
  10 sea snakes
  An anaconda zombie (Crypt:1)
  7 glowing orange brains
  2 iron trolls
  47 deep trolls
  5 bog bodies
  2 large abominations (Gauntlet)
  7 naga ritualists
  A bunyip skeleton (Crypt:3)
  12 deep elf archers
  A shadow demon (Depths:1)
  13 necromancers
  2 shadow dragon zombies
  9 phantasmal warriors
  3 flayed ghosts
  12 wizards
  Pikel (D:5)
  3 lindwurms
  2 obsidian statues
  An anaconda skeleton (Crypt:1)
  30 deep elf pyromancers
  17 ironbound convokers
  12 harpies
  24 deep elf zephyrmancers
  45 ugly things
  12 manticores
  14 mana vipers
  7 orc knights
  4 orc sorcerers (Orc:2)
  15 cyclopes
  16 salamanders
  22 moths of wrath
  20 fauns
  A stone giant zombie (Crypt:3)
  6 elephants (Lair:5)
  A fire giant skeleton (WizLab)
  6 centaur zombies
  6 shining eyes
  A shadow dragon skeleton (Depths:1)
  3 rust devils
  An iron dragon skeleton (Crypt:2)
  19 naga magi
  5 guardian serpents
  41 black mambas
  7 merfolk sirens
  A naga zombie (Crypt:3)
  8 vault sentinels
  2 dire elephant zombies
  8 water nymphs
  3 eyes of devastation
  3 smoke demons
  A guardian serpent (shapeshifter) (Elf:3)
  2 ice statues
  2 demonic crawlers (WizLab)
  2 gargoyles
  A demonspawn skeleton (WizLab)
  3 minotaur zombies (Gauntlet)
  7 komodo dragons
  10 cane toads
  2 centaur skeletons (Crypt:1)
  5 unseen horrors
  2 black draconian zombies
  A hellion (Depths:4)
  22 yaktaurs
  7 freezing wraiths
  A grey draconian zombie (Crypt:2)
  2 rime drakes
  An unseen horror zombie (D:10)
  10 tengu conjurers
  2 efreet
  3 ice devils
  An ancient zyme (WizLab)
  A white draconian skeleton (Crypt:2)
  A yaktaur skeleton (WizLab)
  2 anaconda simulacra (IceCv)
  16 trolls
  27 merfolk
  3 alligator snapping turtle skeletons
  6 polar bears
  A queen bee (Lair:1)
  10 dream sheep
  10 hornets
  6 wind drakes
  An ice dragon zombie (Crypt:1)
  2 hellwings (Depths:1)
  9 blink frogs
  An ettin zombie (Crypt:3)
  3 harpy skeletons (Crypt:1)
  A raiju (shapeshifter) (Depths:3)
  5 snapping turtles
  A spectral elephant (Lair:5)
  An alligator zombie (Crypt:1)
  A great orb of eyes zombie (Crypt:1)
  8 wyverns
  A guardian serpent skeleton (Crypt:2)
  97 slime creatures
  3 dire elephant simulacra
  A wind drake zombie (Crypt:2)
  5 air elementals
  4 vampires
  10 spriggans
  6 wraiths
  A centaur simulacrum (Crypt:3)
  6 flying skulls (Crypt:1)
  17 water elementals
  7 hogs
  A satyr skeleton (Crypt:1)
  2 chaos spawn
  Eustachio (D:6)
  6 fire elementals
  58 yaks
  5 basilisks
  19 humans (D:13)
  11 golden eyes
  Grum (D:10)
  2 steam dragons
  8 spatial vortices (WizLab)
  7 vampire mosquitoes
  2 wargs (Orc:1)
  4 death yak simulacra
  A spectral cane toad (Lair:5)
  A demonspawn zombie (Crypt:1)
  A harpy simulacrum (IceCv)
  51 nagas
  2 floating eyes
  12 water moccasins
  2 hell hounds
  2 acid dragons
  A hydra simulacrum (IceCv)
  24 orc warriors
  3 sky beasts
  A tengu skeleton (Depths:1)
  3 black bears (D:4)
  An elephant zombie (Lair:5)
  3 ice beasts
  An ettin simulacrum (Crypt:3)
  11 boggarts
  2 swamp dragon skeletons (Crypt:3)
  6 ogres
  6 centaurs
  24 wolves
  An elephant skeleton (Lair:5)
  A snapping turtle skeleton (Crypt:3)
  A lemure (D:4)
  A phantom (D:4)
  5 earth elementals
  9 necrophages
  3 gnoll sergeants
  13 bullfrogs
  A draconian skeleton (Crypt:3)
  2 scorpions
  4 cane toad simulacra
  8 two-headed ogre simulacra (IceCv)
  9 wights
  2 elephant simulacra (IceCv)
  25 killer bees
  A warg skeleton (Crypt:3)
  3 jellies
  A troll skeleton (Crypt:2)
  5 howler monkeys
  An electric eel (D:11)
  A quasit (WizLab)
  5 small abominations (Gauntlet)
  10 hounds
  A gnoll bouda (D:4)
  26 orc priests
  An iron imp (D:10)
  3 human zombies
  18 orc wizards
  2 iguanas
  5 troll simulacra (IceCv)
  6 hell rats (Lair:4)
  2 polar bear simulacra (IceCv)
  3 spriggan simulacra (IceCv)
  3 wolf simulacra (IceCv)
  A tengu zombie (Crypt:3)
  6 mummies
  A howler monkey zombie (D:10)
  19 gnolls
  7 adders
  6 naga simulacra
  2 shadow imps
  10 white imps
  12 ufetubi
  An adder zombie (Crypt:2)
  A worm (D:2)
  2 dart slugs
  56 orcs
  8 ball pythons
  7 bats
  A bat zombie (Crypt:2)
  8 endoplasms
  2 giant cockroaches
  10 goblins
  4 hobgoblins
  4 jackals (D:2)
  10 quokkas
  4 frilled lizards
  A frilled lizard skeleton (Crypt:1)
  11 kobolds
  3 rats
  8 tentacles
2458 creatures vanquished.

Vanquished Creatures (others)
  An eldritch tentacle (WizLab)
  A frost giant (Depths:3)
  Aizul (Snake:4)
  An ironbound preserver (Vaults:3)
  A merfolk aquamancer (Shoals:4)
  A deep troll earth mage (Depths:3)
  A deep elf knight (Elf:1)
  A shadow wraith (Crypt:3)
  2 deep elf pyromancers (Elf:1)
  A deep elf zephyrmancer (Elf:2)
  A moth of wrath (Zot:2)
  A blink frog (WizLab)
  3 dream sheep (Shoals:3)
  A hell hound (Elf:2)
  A human (D:8)
  A butterfly (Depths:4)
  7 tentacles
26 creatures vanquished.

Grand Total: 2484 creatures vanquished

Notes
Turn   | Place    | Note
-------+----------+-------------------------------------------
     0 | D:1      | LordWeiramon the Formicid Earth Elementalist began the
                  | quest for the Orb.
     0 | D:1      | Reached XP level 1. HP: 13/13 MP: 3/3
   123 | D:1      | Reached XP level 2. HP: 19/19 MP: 3/5
   171 | D:1      | Found a transporter.
   767 | D:1      | Reached XP level 3. HP: 24/24 MP: 4/6
   848 | D:1      | Learned a level 3 spell: Stone Arrow
   904 | D:1      | Found a transporter.
   906 | D:1      | Found Oqimi's Assorted Antiques.
   962 | D:1      | Reached skill level 5 in Earth Magic
   972 | D:1      | Bought a scroll labelled FUAWOL VEADEDE for 19 gold pieces
   972 | D:1      | Bought a scroll labelled TIJUGE BUIT for 19 gold pieces
   972 | D:1      | Bought a scroll labelled SAGICUNUPS for 19 gold pieces
  1514 | D:2      | Found a snail-covered altar of Cheibriados.
  1538 | D:2      | Became a worshipper of Cheibriados the Contemplative
  1546 | D:2      | Identified the +1 ring mail of Fallacy {rF- Dex+4 SInv}
  1583 | D:2      | Found Wotim's Distillery.
  1678 | D:2      | Bought a potion of lignification for 36 gold pieces
  1767 | D:2      | Reached XP level 4. HP: 30/30 MP: 4/7
  2220 | D:2      | You fall into a shaft and drop 1 floor!
  2323 | D:3      | Found a shimmering blue altar of Sif Muna.
  2447 | D:3      | Reached * piety under Cheibriados
  2612 | D:3      | Found a glowing golden altar of the Shining One.
  2845 | D:3      | Reached skill level 1 in Fighting
  2989 | D:3      | Found a glowing silver altar of Zin.
  3064 | D:4      | Found a radiant altar of Vehumet.
  3144 | D:4      | Reached skill level 1 in Polearms
  3144 | D:4      | Reached XP level 5. HP: 18/37 MP: 6/8
  3335 | D:4      | Noticed an ogre
  3371 | D:4      | Found Misogu's Lightly-Used Armoury.
  3513 | D:4      | Killed an ogre
  3608 | D:4      | Reached XP level 6. HP: 43/43 MP: 5/9
  3868 | D:1      | Bought a scroll labelled TIJUGE BUIT for 19 gold pieces
  3868 | D:1      | Bought 2 glowing emerald potions for 34 gold pieces
  4327 | D:4      | Reached ** piety under Cheibriados
  4416 | D:4      | Reached skill level 5 in Polearms
  4416 | D:4      | Reached XP level 7. HP: 37/48 MP: 10/10
  4880 | D:1      | Bought a crystal glaive for 218 gold pieces
  4880 | D:1      | Identified the +10 glaive of Wu Jian, Teaching {flame,
                  | rPois rF+ Dex+3} (You bought it in a shop on level 1 of the
                  | Dungeon)
  5110 | D:4      | Reached XP level 8. HP: 59/59 MP: 11/11
  5236 | D:5      | Entered Level 5 of the Dungeon
  5236 | D:5      | Noticed Pikel
  5300 | D:4      | Reached *** piety under Cheibriados
  5480 | D:5      | Killed Pikel
  5481 | D:5      | Reached skill level 10 in Polearms
  5481 | D:5      | Reached XP level 9. HP: 28/64 MP: 12/12
  5994 | D:6      | Noticed Eustachio
  6025 | D:6      | Killed Eustachio
  6058 | D:6      | Found a stormy altar of Qazlal.
  6260 | D:6      | Identified the +1 ring mail of Negligence {Int+4 Dex+4}
  6285 | D:6      | Identified the ring of Limitation {rC+ Dex+6}
  6315 | D:6      | Reached **** piety under Cheibriados
  6507 | D:6      | Found a staircase to the Ecumenical Temple.
  6768 | D:7      | Reached skill level 5 in Dodging
  6782 | D:7      | Reached skill level 1 in Armour
  6826 | D:7      | Reached XP level 10. HP: 70/70 MP: 13/13
  7036 | D:7      | Found a broken altar of Ashenzari.
  7061 | D:7      | Reached skill level 5 in Armour
  7885 | D:8      | Reached skill level 5 in Fighting
  8115 | D:8      | Reached ***** piety under Cheibriados
  8575 | D:8      | Found an ancient bone altar of Kikubaaqudgha.
  8710 | D:8      | Found a burning altar of Makhleb.
  8877 | D:9      | Found a hazy altar of Hepliaklqana.
  8917 | D:9      | Found Annupso's Assorted Antiques.
  8925 | D:9      | Bought a blackened bone wand for 112 gold pieces
  8925 | D:9      | Bought a scroll labelled GUTEKHL RUEC for 28 gold pieces
  8925 | D:9      | Bought a scroll labelled ISHRIO ANYUJIR for 28 gold pieces
  8925 | D:9      | Bought 2 scrolls labelled GUTEKHL RUEC for 56 gold pieces
  9115 | D:9      | Reached XP level 11. HP: 79/79 MP: 14/14
  9335 | D:9      | Noticed a two-headed ogre
  9344 | D:9      | Killed a two-headed ogre
  9452 | D:10     | Entered Level 10 of the Dungeon
  9460 | D:10     | Found a sparkling altar of Nemelex Xobeh.
  9471 | D:10     | Found a transporter.
  9496 | D:10     | Noticed a two-headed ogre
  9564 | D:10     | Killed a two-headed ogre
  9659 | D:10     | Noticed sakkuzi's ghost (journeyman GrFi)
  9673 | D:10     | Found a transporter.
  9742 | D:10     | Noticed a two-headed ogre
  9748 | D:10     | Killed a two-headed ogre
  9821 | D:10     | Noticed Fannar
  9841 | D:10     | Reached skill level 1 in Shields
  9862 | D:10     | Killed Fannar
  9863 | D:10     | Reached skill level 5 in Shields
 10001 | D:10     | Noticed a two-headed ogre
 10008 | D:10     | Killed a two-headed ogre
 10059 | D:10     | Reached XP level 12. HP: 86/86 MP: 15/15
 10059 | D:10     | Reached ****** piety under Cheibriados
 10117 | D:10     | Found a snail-covered altar of Cheibriados.
 10192 | D:10     | Found Gufitaw's Antique Armour Shoppe.
 10349 | D:10     | Found a basalt altar of Yredelemnul.
 10362 | D:10     | Reached skill level 15 in Polearms
 10510 | D:10     | Noticed a boulder beetle
 10751 | D:11     | Noticed Erica
 10751 | D:11     | Noticed a two-headed ogre
 10762 | D:11     | Noticed a boulder beetle
 10770 | D:11     | Noticed Nergalle
 10775 | D:10     | Killed a boulder beetle
 10966 | D:10     | Killed a boulder beetle
 10986 | D:11     | Noticed Grum
 11057 | D:10     | Killed Grum
 11068 | D:11     | Killed a two-headed ogre
 11220 | D:11     | Reached XP level 13. HP: 52/91 MP: 16/16
 11332 | D:11     | Killed Erica
 11333 | D:11     | Reached skill level 10 in Dodging
 11568 | D:11     | Killed Nergalle
 11605 | D:11     | Found a staircase to the Lair.
 11775 | D:11     | Found a staircase to the Orcish Mines.
 11928 | D:11     | Found Qutoxaud's Distillery.
 11965 | D:11     | Bought a potion of curing for 39 gold pieces
 11965 | D:11     | Bought a potion of invisibility for 104 gold pieces
 11965 | D:11     | Bought a potion of might for 52 gold pieces
 11965 | D:11     | Bought a potion of invisibility for 104 gold pieces
 11965 | D:11     | Bought a potion of might for 52 gold pieces
 11965 | D:11     | Bought a potion of heal wounds for 65 gold pieces
 11965 | D:11     | Bought a potion of heal wounds for 65 gold pieces
 12171 | D:10     | Killed sakkuzi's ghost
 12227 | D:10     | Identified the +0 pair of boots of the Distant Future
                  | {Will++}
 12306 | Lair:1   | Entered Level 1 of the Lair of Beasts
 12669 | Lair:1   | Identified a scroll of acquirement
 13052 | Lair:2   | Reached skill level 1 in Invocations
 13053 | Lair:2   | Noticed a catoblepas
 13056 | Lair:2   | Killed a catoblepas
 13291 | Lair:2   | Reached skill level 5 in Invocations
 13363 | Lair:2   | You fall into a shaft and drop 1 floor!
 13464 | Lair:3   | Reached XP level 14. HP: 75/106 MP: 19/19
 13493 | Lair:3   | Identified the +0 cloak "Jorr" {rCorr Str+4}
 14697 | Lair:4   | Reached skill level 10 in Invocations
 14987 | Lair:5   | Entered Level 5 of the Lair of Beasts
 15089 | Lair:2   | Identified the +6 rapier "Ant's Bane" {freeze, Str+4}
 15176 | Lair:2   | Found a staircase to the Snake Pit.
 15963 | Lair:5   | Found a staircase to the Slime Pits.
 15964 | Lair:5   | Found a viscous altar of Jiyva.
 16095 | Lair:5   | Noticed a dire elephant
 16096 | Lair:5   | Noticed a dire elephant
 16096 | Lair:5   | Noticed a dire elephant
 16164 | Lair:5   | Reached XP level 15. HP: 99/112 MP: 23/23
 16505 | Lair:5   | Identified the +3 buckler of Lap Asoi {Dex+4}
 17817 | D:12     | Identified the +0 pair of gloves of Pride {*Corrode rElec
                  | rPois Will+}
 18221 | D:13     | Found a frozen archway.
 18236 | IceCv    | Entered an ice cave
 18382 | IceCv    | Got the Verses on Infected Blasphemous Magicks
 18568 | IceCv    | Reached XP level 16. HP: 120/120 MP: 24/24
 18768 | IceCv    | Got Favoinok's Teachings on Freezing
 19146 | D:13     | Found a gate to the Vaults.
 19524 | D:13     | Found Vyt Yqenut's Antique Armour Shoppe.
 19530 | D:13     | Bought a translucent cloak for 218 gold pieces
 19530 | D:13     | Identified the +0 cloak of Least Resistance {Dex+4} (You
                  | bought it in a shop on level 13 of the Dungeon)
 19748 | D:14     | Found Fimats's Magic Scroll Emporium.
 20117 | D:14     | Bought a scroll of fog for 56 gold pieces
 20117 | D:14     | Bought a scroll of enchant armour for 105 gold pieces
 20117 | D:14     | Bought a scroll of butterflies for 56 gold pieces
 20134 | D:14     | Identified the +3 ring mail of Saexocyr {Fly rN++ Str+3
                  | Int-5}
 20184 | D:14     | Reached skill level 10 in Armour
 20347 | D:15     | Entered Level 15 of the Dungeon
 20461 | D:15     | Reached skill level 10 in Fighting
 20849 | D:15     | Found a staircase to the Depths.
 20930 | D:15     | Identified the +1 leather armour of Honour {Will+ Stlth+}
 21274 | D:15     | Acquired 934 gold pieces
 21397 | Orc:1    | Entered Level 1 of the Orcish Mines
 21571 | Orc:1    | Found a burning altar of Makhleb.
 21613 | Orc:1    | Found a burning altar of Makhleb.
 21792 | Orc:2    | Entered Level 2 of the Orcish Mines
 21856 | Orc:2    | Found a gate leading to a gauntlet.
 21866 | Gauntlet | Entered a Gauntlet
 21866 | Gauntlet | Found a transporter.
 21875 | Gauntlet | Found a transporter.
 21878 | Gauntlet | Found a transporter.
 21879 | Gauntlet | Found a transporter.
 21880 | Gauntlet | Found a transporter.
 21881 | Gauntlet | Found a transporter.
 21896 | Gauntlet | Found a runed translucent door.
 21943 | Gauntlet | Found a transporter.
 21957 | Gauntlet | Found a transporter.
 21993 | Gauntlet | Found a transporter.
 21995 | Gauntlet | Found a transporter.
 22003 | Gauntlet | Found a transporter.
 22012 | Gauntlet | Found a transporter.
 22114 | Gauntlet | Identified the amulet "Eppizef" {Reflect *Slow Will+ Int+3
                  | SH+5}
 22168 | Gauntlet | Identified the ring of Uniest {rPois rC+ MP+9 SInv}
 22181 | Gauntlet | Identified the +7 sling of Domination {elec, Fly rN+++
                  | Dex-3 Stlth+}
 22211 | Gauntlet | Reached XP level 17. HP: 128/128 MP: 25/25
 22354 | Orc:2    | Found a staircase to the Elven Halls.
 22916 | Orc:2    | Found Odev's General Store.
 22923 | Orc:2    | Found Diliw's Magic Scroll Boutique.
 22979 | Orc:2    | Bought a scroll of enchant armour for 97 gold pieces
 22982 | Orc:2    | Bought 3 scrolls of magic mapping for 270 gold pieces
 22982 | Orc:2    | Bought a scroll of butterflies for 48 gold pieces
 22982 | Orc:2    | Bought a scroll of enchant armour for 90 gold pieces
 23218 | Orc:2    | Found Osog's Book Emporium.
 23218 | Orc:2    | Found Huxyfios's Antique Armour Shoppe.
 23218 | Orc:2    | Found a one-way gate leading to the halls of Pandemonium.
 23571 | Shoals:1 | Entered Level 1 of the Shoals
 23640 | Shoals:1 | Noticed a kraken
 23655 | Shoals:1 | Killed a kraken
 23796 | Shoals:1 | Found Fapego's Magic Scroll Emporium.
 23814 | Shoals:1 | Bought a scroll of fog for 44 gold pieces
 23814 | Shoals:1 | Bought a scroll of fear for 44 gold pieces
 23971 | Shoals:1 | Reached skill level 15 in Armour
 24727 | Shoals:2 | Noticed Ilsuiw
 24755 | Shoals:2 | Killed Ilsuiw
 24895 | Shoals:2 | Noticed Louise
 24911 | Shoals:2 | Killed Louise
 25237 | Shoals:2 | Noticed a kraken
 25253 | Shoals:2 | Killed a kraken
 25743 | Shoals:3 | Noticed Kirke
 25748 | Shoals:3 | Reached XP level 18. HP: 134/134 MP: 26/26
 25764 | Shoals:2 | Killed Kirke
 25848 | Shoals:3 | Noticed Polyphemus
 25857 | Shoals:3 | Killed Polyphemus
 25858 | Shoals:3 | Reached skill level 10 in Shields
 25904 | Shoals:3 | Noticed Nikola
 25917 | Shoals:3 | Killed Nikola
 26305 | Shoals:3 | Found Uhurr's Merfolk Armours.
 26329 | Shoals:3 | Found Uhurr's Visitors' Centre.
 26331 | Shoals:3 | Found Uhurr's Merfolk Magic.
 26331 | Shoals:3 | Found Uhurr's Merfolk Weapons.
 26430 | Shoals:3 | Bought 2 throwing nets for 84 gold pieces
 26430 | Shoals:3 | Bought a throwing net for 42 gold pieces
 26725 | Shoals:4 | Entered Level 4 of the Shoals
 26902 | Shoals:4 | Identified the staff of fire "Taust" {rF+ Str+3 Int+5 SInv}
 27249 | Shoals:4 | Reached skill level 15 in Shields
 27468 | Shoals:4 | Identified the +1 robe "Feik" {+Inv Regen+ Int+2}
 27604 | Shoals:4 | Got a barnacled rune of Zot
 27662 | Shoals:4 | Identified the +0 pair of gloves of the Untouchables {rPois
                  | rN+ rCorr Dex-2}
 27670 | Shoals:4 | Identified the staff of earth "Ticwanu" {rElec}
 27804 | Shoals:4 | Found the +2 pair of slick slippers {slick, slippery, EV+4}
 28146 | Lair:2   | Acquired a +4 bardiche of venom
 28148 | Lair:2   | Acquired a manual of Shields
 28190 | Snake:1  | Entered Level 1 of the Snake Pit
 28232 | Snake:1  | Noticed Frances
 28252 | Snake:1  | Killed Frances
 28411 | Snake:1  | Identified the +2 rapier of Hob Icau {freeze, rPois rCorr
                  | Str-4 Int+3}
 28449 | Snake:1  | Reached XP level 19. HP: 140/140 MP: 27/27
 28540 | Snake:1  | Found a hazy altar of Hepliaklqana.
 30054 | Snake:3  | Found Kekhlashra's Armour Boutique.
 30072 | Snake:3  | Found Jiolooxi's Magic Scroll Shop.
 30074 | Snake:3  | Found Hamibecoi's Assorted Antiques.
 30081 | Snake:3  | Bought a scroll of fog for 72 gold pieces
 30081 | Snake:3  | Bought a scroll of magic mapping for 135 gold pieces
 30081 | Snake:3  | Bought a scroll of enchant armour for 135 gold pieces
 30081 | Snake:3  | Bought a scroll of enchant armour for 135 gold pieces
 30085 | Snake:3  | Bought a potion of heal wounds for 110 gold pieces
 30085 | Snake:3  | Bought 2 potions of resistance for 440 gold pieces
 30995 | Snake:4  | Entered Level 4 of the Snake Pit
 30995 | Snake:4  | Found a flickering gateway to a bazaar.
 31007 | Snake:4  | Noticed Bai Suzhen
 31028 | Snake:4  | Killed Bai Suzhen
 31040 | Bazaar   | Entered a bazaar
 31069 | Bazaar   | Found Gicue's Armour Boutique.
 31069 | Bazaar   | Found Zocac's Assorted Antiques.
 31106 | Bazaar   | Found Usen's Distillery.
 31119 | Bazaar   | Found Cischarch's Book Boutique.
 31148 | Bazaar   | Bought 2 potions of flight for 72 gold pieces
 31148 | Bazaar   | Bought a potion of curing for 36 gold pieces
 31148 | Bazaar   | Bought a potion of might for 48 gold pieces
 31148 | Bazaar   | Bought a potion of curing for 36 gold pieces
 31148 | Bazaar   | Bought a potion of cancellation for 96 gold pieces
 31148 | Bazaar   | Bought a potion of curing for 36 gold pieces
 31148 | Bazaar   | Bought a potion of cancellation for 96 gold pieces
 31261 | Snake:4  | Reached XP level 20. HP: 136/152 MP: 28/28
 31613 | Snake:4  | Identified the +6 mace of Isirphuusm {heavy, rElec rC-
                  | Dex+2}
 31910 | Snake:4  | Noticed Aizul
 31921 | Snake:4  | Killed Aizul
 32128 | Snake:4  | Got a serpentine rune of Zot
 32455 | Elf:1    | Entered Level 1 of the Elven Halls
 32490 | Elf:1    | Reached skill level 15 in Fighting
 32611 | Elf:1    | Found Ypaemipy's Antique Armour Boutique.
 32618 | Elf:1    | Bought a pair of runed gloves for 202 gold pieces
 32944 | Elf:1    | Identified the +1 morningstar of Roneapann {drain, Str+3}
 33507 | Elf:2    | Noticed Azrael
 33508 | Elf:2    | Reached XP level 21. HP: 131/168 MP: 29/29
 33646 | Elf:2    | Killed Azrael
 33686 | Elf:2    | Found a runed translucent gate.
 33686 | Elf:2    | Found a runed translucent gate.
 33686 | Elf:2    | Found a runed translucent gate.
 33748 | Elf:2    | Noticed Jorgrun
 33764 | Elf:2    | Killed Jorgrun
 34242 | Elf:2    | Reached skill level 15 in Dodging
 34369 | Elf:2    | Noticed Donald
 34376 | Elf:2    | Killed Donald
 34665 | Elf:3    | Entered Level 3 of the Elven Halls
 34665 | Elf:3    | Found Odeckeg's Weapon Emporium.
 34851 | Elf:3    | Found Viumn's Magic Scroll Emporium.
 34898 | Elf:3    | Bought a scroll of enchant armour for 142 gold pieces
 34898 | Elf:3    | Bought a scroll of fear for 76 gold pieces
 35076 | Elf:3    | Found Dikuhon's Weapon Shop.
 35311 | Elf:3    | Found Ywelaf's Antique Armour Boutique.
 35315 | Elf:3    | Bought a pair of transparent gloves for 275 gold pieces
 35315 | Elf:3    | Identified the +1 pair of gloves of Death's Door {+Inv rC+}
                  | (You bought it in a shop on level 3 of the Elven Halls)
 35429 | Elf:3    | Reached skill level 1 in Evocations
 35594 | Elf:3    | Identified the +9 spear of the Sheltering Stork {pain,
                  | rPois}
 35594 | Elf:3    | Identified the amulet of Ficaf {Acrobat Int+2}
 35623 | Elf:3    | Identified the +1 robe of Past Mistakes {Str+3 Slay+3}
 35639 | Elf:3    | Identified the ring of Noadar {Fly Dex+3 Stlth+}
 35666 | Elf:3    | Reached skill level 5 in Evocations
 35738 | Elf:3    | Noticed a Brimstone Fiend
 35934 | Elf:3    | Reached XP level 22. HP: 169/175 MP: 30/30
 36115 | Elf:3    | Identified the +0 cloak of Pride {Str+3}
 36122 | Elf:3    | Identified the +6 triple crossbow of the Equator {flame,
                  | Contam rElec rC+ rN+}
 36139 | Elf:3    | Identified the staff of fire "Maigasud" {rF+ Dex+2}
 36145 | Elf:3    | Got Sif Muna's Incunable of Variable Phantasms
 36148 | Elf:3    | Got the Spellbook of the Solid Fifth Circle
 36160 | Elf:3    | Got the Incunabulum of the Vector
 36382 | Vaults:1 | Entered Level 1 of the Vaults
 36768 | Vaults:1 | Reached skill level 10 in Evocations
 36825 | Vaults:1 | Found Odummahu's Antique Weapon Shop.
 37754 | Vaults:2 | Noticed Zenata
 37781 | Vaults:2 | Killed Zenata
 38061 | Vaults:2 | Identified the +2 ring mail "Wayru" {Dex+3}
 38313 | Vaults:2 | Reached XP level 23. HP: 181/181 MP: 31/31
 38619 | Vaults:3 | Found a staircase to the Crypt.
 38657 | Vaults:3 | Found Lizxiome's Weapon Boutique.
 40647 | Vaults:4 | Found Heighur's Jewellery Shop.
 40949 | Vaults:4 | Noticed an ancient lich
 40970 | Vaults:4 | Killed an ancient lich
 41002 | Vaults:4 | Reached XP level 24. HP: 185/188 MP: 31/31
 41170 | Crypt:1  | Entered Level 1 of the Crypt
 42112 | Crypt:2  | Noticed Khufu
 42135 | Crypt:2  | Killed Khufu
 42368 | Crypt:2  | Noticed an ancient lich
 42383 | Crypt:2  | Killed an ancient lich
 43433 | Crypt:3  | Entered Level 3 of the Crypt
 43586 | Crypt:3  | Found a magical portal.
 43600 | WizLab   | Entered The Roulette of Golubria
 43600 | WizLab   | Found a transporter.
 43603 | WizLab   | Found the +2 cloak of the Thief {*Fog Slay-2 SInv Stlth+}
 43603 | WizLab   | Found a corrupted altar of Lugonu.
 43626 | WizLab   | Found a corrupted altar of Lugonu.
 43633 | WizLab   | Found a transporter.
 43650 | WizLab   | Found a transporter.
 43732 | WizLab   | Found a transporter.
 43756 | WizLab   | Found a transporter.
 43756 | WizLab   | Found a transporter.
 43781 | WizLab   | Found a transporter.
 43818 | WizLab   | Found a transporter.
 43875 | WizLab   | Found a transporter.
 43939 | WizLab   | Found a transporter.
 44035 | WizLab   | Found a transporter.
 44035 | WizLab   | Found a transporter.
 44061 | WizLab   | Found a transporter.
 44091 | WizLab   | Found a transporter.
 44091 | WizLab   | Found a transporter.
 44145 | WizLab   | Found a transporter.
 44164 | WizLab   | Identified the +1 cloak of Worchigij {rC++}
 44172 | WizLab   | Identified the +0 cloak of Activism {Regen+}
 44233 | WizLab   | Found a transporter.
 44253 | WizLab   | Found a transporter.
 44253 | WizLab   | Found a transporter.
 44276 | WizLab   | Found a transporter.
 44282 | WizLab   | Reached XP level 25. HP: 194/194 MP: 31/31
 44601 | Crypt:3  | Reached skill level 27 in Polearms
 44749 | Crypt:3  | Found a staircase to the Tomb.
 45101 | Crypt:3  | Noticed a curse toe
 45108 | Crypt:3  | Killed a curse toe
 45112 | Crypt:3  | Noticed a curse toe
 45118 | Crypt:3  | Killed a curse toe
 45125 | Crypt:3  | Found a basalt altar of Yredelemnul.
 45134 | Crypt:3  | Found an ancient bone altar of Kikubaaqudgha.
 45151 | Crypt:3  | Got the Atlas of Darkness
 45162 | Crypt:3  | Identified the ring of Riunopso {rF+ Int+2 Dex+3}
 45182 | Crypt:3  | Identified the ring of the Ageing Gods {rElec rF- rN+ Dex+5
                  | Slay+2}
 45182 | Crypt:3  | Identified the ring of Nakol {rN+ Slay+6}
 45182 | Crypt:3  | Identified the ring "Akoofene" {rElec rPois rN+ Str-2}
 45598 | Slime:1  | Entered Level 1 of the Pits of Slime
 45918 | Slime:1  | Gained mutation: Your body sometimes deteriorates upon
                  | taking damage. [a shining eye]
 47240 | Slime:4  | Gained mutation: You have hidden genetic defects. [a
                  | shining eye]
 47247 | Slime:4  | Lost mutation: You have hidden genetic defects. [potion of
                  | mutation]
 47247 | Slime:4  | Lost mutation: Your body sometimes deteriorates upon taking
                  | damage. [potion of mutation]
 47247 | Slime:4  | Gained mutation: You possess an exceptional clarity of
                  | mind. [potion of mutation]
 47247 | Slime:4  | Gained mutation: You are partially covered in iridescent
                  | scales. (AC +2) [potion of mutation]
 47247 | Slime:4  | Gained mutation: You are somewhat resistant to further
                  | mutation. [potion of mutation]
 47428 | Slime:5  | Entered Level 5 of the Pits of Slime
 47455 | Slime:5  | Noticed the Royal Jelly
 47470 | Slime:5  | Killed the Royal Jelly
 47471 | Slime:5  | Reached XP level 26. HP: 215/215 MP: 2/31
 47770 | Slime:5  | Identified the staff of fire "Zuzxil" {rF+ Int+4 Dex+2}
 47777 | Slime:5  | Identified the staff of death "Luatty Leume" {rPois rN+}
 47792 | Slime:5  | Identified the ring "Raskeph" {+Blink rF++ SInv Stlth+}
 47818 | Slime:5  | Identified the +1 leather armour "Quinguar" {rF+ Will-
                  | Str+4}
 47825 | Slime:5  | Identified the +7 long sword "Ethraykyi" {pain, Str+5
                  | Int+3}
 47848 | Slime:5  | Identified the ring "Raato" {rElec rC+ Int+6 Slay+3}
 47867 | Slime:5  | Identified the +7 scimitar of Hiyricus {flame, rCorr}
 47887 | Slime:5  | Got a slimy rune of Zot
 47888 | Slime:5  | Identified the +7 plate armour "Qoarac" {Will+ Int+5}
 48213 | Slime:5  | Gained mutation: You are clumsy. (Dex -2) [a shining eye]
 48494 | Depths:1 | Entered Level 1 of the Depths
 48502 | Depths:1 | Found a gateway to Hell.
 48841 | Depths:1 | Noticed Mara
 48847 | Depths:1 | Killed Mara
 49002 | Depths:1 | Found a blossoming altar of Fedhas.
 49847 | Depths:2 | Found Nonuddis's General Store.
 49849 | Depths:2 | Found Foonotax's Distillery.
 49849 | Depths:2 | Found Doteohusk's Weapon Shop.
 49854 | Depths:2 | Bought a potion of heal wounds for 95 gold pieces
 49854 | Depths:2 | Found Kextigh's General Store.
 49857 | Depths:2 | Bought a potion of heal wounds for 90 gold pieces
 49857 | Depths:2 | Bought a potion of cancellation for 144 gold pieces
 49857 | Depths:2 | Bought a potion of mutation for 144 gold pieces
 49860 | Depths:2 | Bought a potion of cancellation for 120 gold pieces
 49935 | Depths:2 | Found Utroan's Distillery.
 50030 | Depths:2 | Bought a potion of might for 44 gold pieces
 50030 | Depths:2 | Bought a potion of heal wounds for 55 gold pieces
 50030 | Depths:2 | Bought a potion of curing for 33 gold pieces
 50030 | Depths:2 | Bought a potion of might for 44 gold pieces
 50030 | Depths:2 | Bought a potion of flight for 33 gold pieces
 50030 | Depths:2 | Bought 2 potions of heal wounds for 110 gold pieces
 50050 | Depths:2 | Found a sparkling altar of Nemelex Xobeh.
 50107 | Depths:2 | Identified the +6 long sword of Generosity {drain, rF+ rN+
                  | Str-4}
 50202 | Depths:2 | Found a portal to a secret trove of treasure.
 50728 | Depths:3 | Reached XP level 27. HP: 232/235 MP: 31/31
 50834 | Depths:3 | Identified the ring "Imusi" {EV+5 SInv}
 50898 | Depths:3 | Identified the +0 hand axe of Duty {venom, rElec rPois
                  | Dex+4}
 51356 | Depths:3 | Identified the +5 long sword "Pogalune" {venom, rElec}
 51465 | Depths:3 | Found a one-way gateway to a ziggurat.
 51755 | Depths:3 | Found a one-way gate to the infinite horrors of the Abyss.
 51798 | Depths:4 | Entered Level 4 of the Depths
 51988 | Depths:4 | Found a gate to the Realm of Zot.
 52415 | Depths:4 | Found Ciatary's Assorted Antiques.
 52423 | Depths:4 | Bought a scroll of fear for 172 gold pieces
 52423 | Depths:4 | Bought a scroll of magic mapping for 322 gold pieces
 52718 | Depths:4 | Found a white marble altar of Elyvilon.
 53011 | Depths:4 | Found Loclogom's Armour Shoppe.
 53233 | Zot:1    | Entered Level 1 of the Realm of Zot
 54052 | Zot:2    | Noticed an orb of fire
 54065 | Zot:2    | Killed an orb of fire
 54072 | Zot:2    | Reached skill level 27 in Fighting
 54339 | Zot:2    | Acquired 952 gold pieces
 55438 | Zot:3    | Identified the +2 falchion of Governance {freeze, Dex+3}
 55539 | Zot:3    | Identified the +5 hand axe "Jythocef" {flame, SInv}
 55635 | Zot:4    | Noticed an orb of fire
 55639 | Zot:3    | Gained mutation: You have sharp toenails. [an orb of fire]
 55644 | Zot:3    | Killed an orb of fire
 56223 | Zot:4    | Found a transporter.
 56338 | Zot:4    | Found a transporter.
 56607 | Zot:5    | Entered Level 5 of the Realm of Zot
 57109 | Zot:5    | Noticed a Killer Klown
 57113 | Zot:5    | Killed a Killer Klown
 57122 | Zot:5    | Noticed a dread lich
 57133 | Zot:5    | Killed a dread lich
 57398 | Zot:5    | Noticed an orb of fire
 57407 | Zot:5    | Killed an orb of fire
 57422 | Zot:5    | Noticed a Killer Klown
 57425 | Zot:5    | Noticed an ancient lich
 57427 | Zot:5    | Killed a Killer Klown
 57434 | Zot:5    | Killed an ancient lich
 57444 | Zot:5    | Noticed an orb of fire
 57453 | Zot:5    | Killed an orb of fire
 57728 | Zot:5    | Noticed an ancient lich
 57736 | Zot:5    | Killed an ancient lich
 57757 | Zot:5    | Noticed a dread lich
 57759 | Zot:5    | Killed a dread lich
 57767 | Zot:5    | Noticed a Killer Klown
 57787 | Zot:5    | Killed a Killer Klown
 58122 | Zot:5    | Got the Orb of Zot
 58521 | D:3      | Noticed Umukluis the pandemonium lord
 58529 | D:3      | Killed Umukluis the pandemonium lord
 58562 | D:$      | Escaped with the Orb!

Illustrated notes

Levels and vault maps discovered:
D:1:      elethiomel_arrival_shortcut, layout_basic, serial_shops,
          nicolae_shop_drivethru, chequers_serial_rivers_room_a
D:2:      layout_loops_corners, serial_shops, shop, basic_altar
D:3:      layout_loops_ring, zin_scriptorium, nicolae_tso_swordbearing_angel,
          nicolae_sif_muna_condensation
D:4:      minmay_polygon_palace, layout_basic, mainiacjoe_overflow_paths,
          hangedman_decor_opposing, chequers_serial_rivers_small_a,
          minmay_shop_damaged
D:5:      layout_cave_pools, uniq_pikel
D:6:      layout_basic, grunt_qazlal_clouds, minmay_temple_entry_glass,
          uniq_eustachio
D:7:      layout_loops_corners, nicolae_ashenzari_skybound
D:8:      layout_gridville, lemuel_round_altar, tgw_kikubaaqudgha,
          nicolae_two_hexagons
D:9:      nicolae_whirlpool, layout_rooms, nicolae_hepliaklqana_hazy_memory,
          serial_curves, eino_curves_03, eino_curves_03, serial_shops, shop
D:10:     layout_rooms, mainiacjoe_overflow_brackets,
          lemuel_mausoleum_altar_yredelemnul, slow_altar_2, serial_shops,
          nicolae_diamond_shop, gammafunk_ghost_berserking_beasts,
          nzn_random_ring, uniq_fannar
D:11:     layout_long_grid, erik_lair_island, orc_0_dummy, serial_shops, shop,
          uniq_nergalle, uniq_erica, uniq_grum
D:12:     layout_loops_ring
D:13:     layout_loops_cross, grunt_vaults_entry_tiered,
          portal_ice_cave_entry_animals_and_master, serial_shops, shop
D:14:     layout_long_grid, serial_shops, nicolae_shop_waterfront
D:15:     hangedman_depths_entry_civil_slaughter, layout_gridville, minivault_11
Lair:1:   layout_long_grid, special_room [special_room_bee]
Lair:2:   layout_cave_pods, nicolae_shoals_entry_flooding, dummy_snake_entry,
          grunt_megastairs_1, lemuel_fruit_fields
Lair:3:   layout_gridlike, minmay_stone_trees_large
Lair:4:   layout_big_grid
Lair:5:   due_jungle_book, layout_loops_ring, minmay_slime_entry_pillars
Shoals:1: layout_shoals, serial_shops, shop
Shoals:2: layout_shoals, uniq_ilsuiw, uniq_louise
Shoals:3: nicolae_shoals_mermall, layout_shoals, nicolae_shoals_sun_and_surf,
          uniq_kirke, uniq_polyphemus, uniq_nikola
Shoals:4: shoals_end_grunt_garden, layout_shoals, shoals_ilsuiw_ice
Snake:1:  layout_basic, basic_altar, lemuel_fruit_tree, uniq_frances
Snake:2:  layout_cave_town
Snake:3:  layout_grid_maze, minmay_shop_star
Snake:4:  grunt_snake_rune_serpentine_throne, layout_misc_corridors,
          serial_shops, bzr_entry_gold, nicolae_snake_snakewalk,
          uniq_bai_suzhen, uniq_aizul
Slime:1:  layout_caves, nicolae_slime_barrier
Slime:2:  layout_caves
Slime:3:  layout_caves, nicolae_slime_getting_an_eyeful
Slime:4:  layout_caves
Slime:5
Orc:1:    layout_caves, basic_altar, bloody_makhleb
Orc:2:    pf_orc_diabolical, layout_diamond_mine, gauntlet_entry_generic
Elf:1:    eino_elf_arrival_sip, layout_gridlike, serial_shops, shop,
          kennysheep_underground_church, dreamdust_princess_bridge
Elf:2:    elven_hall_of_blades_hangedman_original [nicolae_blade_bullseye],
          layout_loops_corners, uniq_donald, uniq_azrael, uniq_jorgrun
Elf:3:    elf_hall, layout_loops_cross, serial_shops, shop,
          nicolae_shop_tiny_statue_garden, shop, nicolae_shop_trees
Vaults:1: vaults_standard_mumra_enter_the_diamond, hangedman_vaults_trim,
          nicolae_vaults_network_star, ontoclasm_vaults_chip, v_rooms_2,
          nicolae_vaults_cornered_office, vaults_dpeg_doors,
          nicolae_vaults_trapezoid_lopsided_4, nicolae_vaults_cochlea,
          nicolae_vaults_trapezoid_lopsided_3, layout_vaults_ring, serial_shops,
          shop
Vaults:2: v_misc_17, nicolae_vaults_meiosis, vaults_room_boxed,
          nicolae_vaults_heart-shaped_vault, vaults_dpeg_ring, v_misc_33,
          vaults_mumra_minichess, nicolae_vaults_wine_cellar,
          ontoclasm_vaults_misaligned, layout_vaults_omnicross, uniq_zenata
Vaults:3: nicolae_vaults_tetromino_Z_2, vaults_room_stairs_pillars,
          nicolae_vaults_offset_grid_hallway_3, v_misc_17,
          hangedman_vaults_slice, ontoclasm_vaults_decontamination,
          nicolae_vaults_apartment_2, nicolae_vaults_tetromino_Z_1,
          vaults_room_corners, vaults_standard_mumra_x, layout_vaults_omnigrid,
          dummy_crypt_entry, serial_shops, shop
Vaults:4: nicolae_vaults_sightless_eye, nicolae_vaults_closet_pinwheel_4,
          nicolae_vaults_big_angled_halls, vaults_room_grid,
          vaults_room_octagon, ontoclasm_vaults_idyll, ontoclasm_vaults_spin,
          hangedman_vaults_stretched_pinwheel,
          nicolae_vaults_trapezoid_lopsided_2, hangedman_vaults_slice,
          nicolae_vaults_trapezoid_lopsided_1, grunt_vaults_bifocal, v_misc_3,
          nicolae_vaults_heart-shaped_vault, vaults_dpeg_spiral,
          nicolae_vaults_security_offices_2, v_misc_23, layout_vaults_maze,
          serial_shops, nicolae_shop_gaudy_bauble
Crypt:1:  layout_chaotic_city
Crypt:2:  layout_basic, nicolae_fountain_basement, grunt_megastairs_4,
          uniq_khufu
Crypt:3:  lightli_unholy_cathedral, layout_chaotic_city,
          nicolae_tomb_entry_rubble_hallway, infiniplex_enter_wizlab_glasses,
          uniq_grunn
Depths:1: layout_basic, grunt_mini_vestibule, rand_demon_pan_entry_4,
          minmay_misc_feat_four_crosses, fedhas_altar_2, uniq_mara
Depths:2: kennysheep_ambush_hall, layout_cross, rand_demon_pan_entry_7,
          hell_entry, nicolae_trove_entry_crossroad,
          nemelex_lonely_heart_becter, serial_shops,
          nicolae_shop_industrial_runoff, minmay_shoptagon
Depths:3: nzn_winding_woodlands_huge [nzn_winding_woodlands_5x15_pathside_ponds,
          nzn_winding_woodlands_5x15_cabin, nzn_winding_woodlands_5x15_garden,
          nzn_winding_woodlands_5x15_lazy_stream,
          nzn_winding_woodlands_5x15_pool, nzn_winding_woodlands_5x15_sawtooth,
          nzn_winding_woodlands_5x15_river_crossing,
          nzn_winding_woodlands_5x15_concentric,
          nzn_winding_woodlands_5x15_twine, nzn_winding_woodlands_5x15_jagged,
          nzn_winding_woodlands_center_triple_pond,
          nzn_winding_woodlands_center_diamonds,
          nzn_winding_woodlands_15x15_five_gardens], layout_basic,
          enter_ziggurat_e, hell_entry, abyss_entry
Depths:4: grunt_crosshair, layout_gridlike, serial_shops, shop,
          nicolae_elyvilon_peaceful_grove, hellmouth_3,
          hangedman_decor_diamond_cutter, nicolae_wooded_promenade
Zot:1:    layout_misc_corridors
Zot:2:    grunt_twist_and_shout, layout_onion_interference, grunt_ministairs_7
Zot:3:    layout_onion_interference
Zot:4:    gammafunk_its_a_trap, layout_misc_corridors
Zot:5:    layout_basic

Skill      XL: |  1  2  3  4  5  6  7  8  9 10 11 12 13 14 15 16 17 18 19 20 21 22 23 24 25 26 27 |
---------------+----------------------------------------------------------------------------------+-----
Earth Magic    | 4 5 |  5.8
Fighting       | 1 3 5 8 9 10 11 15 19 23 27 | 27.0
Polearms       | 1 3 5 6 10 12 14 15 17 20 21 24 26 27 | 27.0
Dodging        | 5 9 10 11 12 13 16 | 16.0
Armour         | 2 5 12 15 23 | 23.9
Shields        | 5 8 16 22 | 22.5
Invocations    | 7 10 | 10.8
Evocations     | 7 11 | 11.0
Stealth        | |  2.4
Spellcasting   | |  2.1
Transmutations | |  1.1

Action                     |  1- 3 |  4- 6 |  7- 9 | 10-12 | 13-15 | 16-18 | 19-21 | 22-24 | 25-27 || total
---------------------------+-------+-------+-------+-------+-------+-------+-------+-------+-------++-------
  Melee: Dagger            |     4 |       |       |       |       |       |       |       |       ||     4
         Spear             |       |    19 |       |       |       |       |       |       |       ||    19
         Punch             |       |     1 |     1 |     2 |       |       |       |       |       ||     4
         Trident           |       |    61 |    44 |       |       |       |       |       |       ||   105
         Glaive            |       |       |    86 |   318 |   806 |  1092 |  1117 |  1453 |   634 ||  5506
         Bardiche          |       |       |       |       |       |       |       |       |  1634 ||  1634
   Cast: Sandblast         |    64 |    44 |     7 |     1 |       |       |       |       |       ||   116
 Invoke: Temporal Distorti |       |       |       |       |     1 |     2 |       |     3 |     8 ||    14
         Slouch            |       |       |       |       |       |       |     1 |     3 |     9 ||    13
Ability: Dig               |       |     1 |       |     2 |     4 |     3 |     4 |       |     5 ||    19
  Evoke: Wand              |       |       |     4 |    16 |     2 |    20 |       |     4 |    23 ||    69
    Use: Scroll            |     3 |     6 |     3 |     7 |    11 |    15 |    11 |     1 |    11 ||    68
         Potion            |       |     2 |     1 |     1 |     2 |     2 |       |       |    11 ||    19
   Stab: Sleeping          |       |     1 |     7 |    10 |    20 |       |       |       |       ||    38
         Distracted        |       |       |       |     1 |    11 |     2 |       |     1 |     1 ||    16
         Invisible         |       |       |       |       |     7 |       |       |       |       ||     7
         Confused          |       |       |       |       |       |       |       |       |     2 ||     2
 Armour: Robe              |     8 |       |       |       |       |       |       |       |       ||     8
         Ring mail         |       |    48 |    36 |    25 |    62 |     1 |       |       |       ||   172
         Crystal plate arm |       |       |       |       |       |   195 |   105 |   137 |   363 ||   800
  Dodge: Dodged            |    11 |    46 |    81 |   237 |   455 |   439 |   266 |   421 |   658 ||  2614
  Block: Buckler           |       |       |       |    44 |   208 |   333 |       |       |       ||   585
         Reflection        |       |       |       |       |       |   121 |   216 |    56 |    64 ||   457
         Tower shield      |       |       |       |       |       |   319 |  1023 |  1290 |  2127 ||  4759
